PL
WIZARDING EXPRESS @ THUNDER BAY NORTHERN LIONS BC
09/02/2027
 
TOP OF THE 1ST
Wizarding Express batting - Pitching for Thunder Bay Northern Lions BC : RHP Ramón Molina
Pitching: RHP Ramón Molina
Batting: LHB José Corona 0-0: Called Strike
0-1: Ball
1-1: Ball
2-1: Called Strike
2-2: Strikes out swinging
Batting: RHB Rafael Arredondo 0-0: Ground out 4-3 (Groundball, 4)
Batting: RHB António Martínez 0-0: Called Strike
0-1: Ball
1-1: Swinging Strike
1-2: Foul Ball, location: 2F
1-2: Ball
2-2: Foul Ball, location: 2F
2-2: Ball
3-2: Base on Balls
Batting: LHB Nathan Tanner 0-0: Ball
1-0: Foul Ball, location: 2F
1-1: Ball
2-1: Fly out, F7 (Flyball, 7S)
Top of the 1st over - 0 run(s), 0 hit(s), 0 error(s), 1 left on base; Wizarding 0 - Thunder Bay 0
BOTTOM OF THE 1ST
Thunder Bay Northern Lions BC batting - Pitching for Wizarding Express : LHP Charles Dobson
Pitching: LHP Charles Dobson
Batting: SHB Terumoto Kurihara 0-0: Bunt - Flyout! F1
Batting: RHB Keith Fish 0-0: Fly out, F8 (Flyball, 8RM)
Batting: SHB Carlos Rodríguez 0-0: Called Strike
0-1: Swinging Strike
0-2: Ball
1-2: Fly out, F2 (Popup, 56S)
Bottom of the 1st over - 0 run(s), 0 hit(s), 0 error(s), 0 left on base; Wizarding 0 - Thunder Bay 0
TOP OF THE 2ND
Wizarding Express batting - Pitching for Thunder Bay Northern Lions BC : RHP Ramón Molina
Batting: SHB Salvador Trevino 0-0: Foul Ball, location: 2F
0-1: Fly out, F8 (Flyball, 8LD)
Batting: LHB John Brewer 0-0: Foul Ball, location: 2F
0-1: Swinging Strike
0-2: Strikes out swinging
Batting: LHB Kyung-chor Pang 0-0: Ball
1-0: Ball
2-0: Ball
3-0: Called Strike
3-1: Base on Balls
Batting: LHB António Boccanegra 0-0: Ball
1-0: Ball
2-0: Swinging Strike
2-1: Foul Ball, location: 2F
2-2: DOUBLE (Groundball, 3D)
Kyung-chor Pang to third
Runner from 3rd tries for Home, SAFE, no throw
Batting: SHB Emílio Gonzáles 0-0: Ball
1-0: Ground out U3 (Groundball, 3L)
Top of the 2nd over - 1 run(s), 1 hit(s), 0 error(s), 1 left on base; Wizarding 1 - Thunder Bay 0
BOTTOM OF THE 2ND
Thunder Bay Northern Lions BC batting - Pitching for Wizarding Express : LHP Charles Dobson
Batting: LHB David Smith 0-0: Called Strike
0-1: Ball
1-1: Foul Ball, location: 2F
1-2: Strikes out swinging
Batting: RHB Carlos Padilla 0-0: Foul Ball, location: 2F
0-1: Ball
1-1: Ball
2-1: Foul Ball, location: 2F
2-2: Ball
3-2: SINGLE (Line Drive, 7LS)
Batting: RHB Xavier Pérez 0-0: Called Strike
0-1: Swinging Strike
0-2: Ball
1-2: Ball
2-2: Strikes out swinging
Batting: LHB Ramón Gómez 0-0: Called Strike
0-1: Called Strike
0-2: Fly out, F9 (Line Drive, 9LM)
Bottom of the 2nd over - 0 run(s), 1 hit(s), 0 error(s), 1 left on base; Wizarding 1 - Thunder Bay 0
TOP OF THE 3RD
Wizarding Express batting - Pitching for Thunder Bay Northern Lions BC : RHP Ramón Molina
Batting: LHB José Corona 0-0: Ball
1-0: Fly out, F9 (Flyball, 9LDF)
Batting: RHB Rafael Arredondo 0-0: Called Strike
0-1: Ball
1-1: Ball
2-1: Called Strike
2-2: Ball
3-2: SINGLE (Groundball, 56D)
Batting: RHB António Martínez 0-0: Ball
1-0: Ball
2-0: Ball
3-0: Called Strike
3-1: Foul Ball, location: 2F
3-2: Base on Balls
Rafael Arredondo to second
Batting: LHB Nathan Tanner 0-0: Fly out, F8 (Flyball, 89D)
Runner from 2nd tags up, SAFE at 3rd, no throw
Batting: SHB Salvador Trevino 0-0: Called Strike
0-1: Ball
1-1: Ball
2-1: Called Strike
2-2: Strikes out swinging
Top of the 3rd over - 0 run(s), 1 hit(s), 0 error(s), 2 left on base; Wizarding 1 - Thunder Bay 0
BOTTOM OF THE 3RD
Thunder Bay Northern Lions BC batting - Pitching for Wizarding Express : LHP Charles Dobson
Batting: RHB António Mendoza 0-0: Ball
1-0: Ball
2-0: Called Strike
2-1: Foul Ball, location: 2F
2-2: DOUBLE (Line Drive, 7LD)
Batting: LHB Chris Gregory 0-0: Ball
1-0: Called Strike
1-1: Swinging Strike
1-2: SINGLE (Line Drive, 78M)
António Mendoza to third
Runner from 3rd tries for Home, SAFE, no throw
Batting: SHB Terumoto Kurihara 0-0: Foul Ball, location: 2F
0-1: Fly out, F7 (Flyball, 7D)
Batting: RHB Keith Fish 0-0: Ball
1-0: Ball
2-0: Ball
3-0: Called Strike
3-1: Called Strike
3-2: Fielders Choice at 2nd, 1-4 (Groundball, 15S)
Batting: SHB Carlos Rodríguez 0-0: Ball
1-0: Ball
Keith Fish is caught stealing 2nd base
Bottom of the 3rd over - 1 run(s), 2 hit(s), 0 error(s), 0 left on base; Wizarding 1 - Thunder Bay 1
TOP OF THE 4TH
Wizarding Express batting - Pitching for Thunder Bay Northern Lions BC : RHP Ramón Molina
Batting: LHB John Brewer 0-0: Called Strike
0-1: Ball
1-1: Called Strike
1-2: Fly out, F5 (Popup, 5S)
Batting: LHB Kyung-chor Pang 0-0: Fly out, F7 (Flyball, 78D)
Batting: LHB António Boccanegra 0-0: SINGLE (Line Drive, 34D)
Batting: SHB Emílio Gonzáles 0-0: Ball
1-0: DOUBLE (Line Drive, 78D)
António Boccanegra to third
Runner from 3rd tries for Home, SAFE, throw made at trailing runner, SAFE at third!
Batting: LHB José Corona 0-0: Ball
1-0: Ball
2-0: Called Strike
2-1: Ball
3-1: Base on Balls
Batting: RHB Rafael Arredondo 0-0: Ball
1-0: Called Strike
1-1: Ball
2-1: Ball
3-1: DOUBLE (Line Drive, 78XD)
Emílio Gonzáles scores
José Corona to third
Runner from 3rd tries for Home, SAFE, no throw
Batting: RHB António Martínez 0-0: Foul Ball, location: 2F
0-1: Foul Ball, location: 2F
0-2: Ball
1-2: Fly out, F8 (Line Drive, 78S)
Top of the 4th over - 3 run(s), 3 hit(s), 0 error(s), 1 left on base; Wizarding 4 - Thunder Bay 1
BOTTOM OF THE 4TH
Thunder Bay Northern Lions BC batting - Pitching for Wizarding Express : LHP Charles Dobson
Batting: SHB Carlos Rodríguez 0-0: Called Strike
0-1: Ball
1-1: Ground out 6-3 (Groundball, 6)
Batting: LHB David Smith 0-0: Ground out 3-1 (Groundball, 34S)
Batting: RHB Carlos Padilla 0-0: Called Strike
0-1: Ball
1-1: Ball
2-1: Foul Ball, location: 2F
2-2: Ball
3-2: Strikes out swinging
Bottom of the 4th over - 0 run(s), 0 hit(s), 0 error(s), 0 left on base; Wizarding 4 - Thunder Bay 1
TOP OF THE 5TH
Wizarding Express batting - Pitching for Thunder Bay Northern Lions BC : RHP Ramón Molina
Batting: LHB Nathan Tanner 0-0: Ball
1-0: Called Strike
1-1: Ball
2-1: Foul Ball, location: 2F
2-2: Ball
3-2: Foul Ball, location: 2F
3-2: Strikes out swinging
Batting: SHB Salvador Trevino 0-0: Ball
1-0: Ball
2-0: Ball
3-0: Called Strike
3-1: Base on Balls
Pitching: RHP Mauro Guerra
Batting: LHB John Brewer 0-0: Ball
1-0: Fly out, F7 (Flyball, 78S)
Batting: LHB Kyung-chor Pang 0-0: Ball
1-0: Called Strike
1-1: Ball
2-1: Foul Ball, location: 2F
2-2: Foul Ball, location: 2F
2-2: Strikes out swinging
Top of the 5th over - 0 run(s), 0 hit(s), 0 error(s), 1 left on base; Wizarding 4 - Thunder Bay 1
BOTTOM OF THE 5TH
Thunder Bay Northern Lions BC batting - Pitching for Wizarding Express : LHP Charles Dobson
Batting: RHB Xavier Pérez 0-0: Ball
1-0: Fly out, F6 (Popup, 6D)
Batting: LHB Ramón Gómez 0-0: SINGLE (Flyball, 8LS)
Batting: RHB António Mendoza 0-0: Called Strike
0-1: Called Strike
0-2: Ball
1-2: Ball
2-2: Ball
3-2: SINGLE (Line Drive, 8RS)
Ramón Gómez to second
Runner from 2nd tries for 3rd, SAFE, no throw
Batting: LHB Chris Gregory 0-0: Called Strike
0-1: Called Strike
António Mendoza steals 2nd base
0-2: Ball
1-2: Strikes out looking
Batting: SHB Terumoto Kurihara 0-0: Ground out 1-3 (Groundball, 13)
Bottom of the 5th over - 0 run(s), 2 hit(s), 0 error(s), 2 left on base; Wizarding 4 - Thunder Bay 1
TOP OF THE 6TH
Wizarding Express batting - Pitching for Thunder Bay Northern Lions BC : RHP Mauro Guerra
Batting: LHB António Boccanegra 0-0: Called Strike
0-1: Called Strike
0-2: Ball
1-2: Ball
2-2: Foul Ball, location: 2F
2-2: Ball
3-2: Strikes out looking
Batting: SHB Emílio Gonzáles 0-0: Called Strike
0-1: Ball
1-1: Foul Ball, location: 2F
1-2: Ball
2-2: Single, Error in OF, E8, batter to second base
Batting: LHB José Corona 0-0: Called Strike
0-1: Called Strike
0-2: Strikes out looking
Batting: RHB Rafael Arredondo 0-0: Ball
1-0: Ground out 6-3 (Groundball, 6)
Top of the 6th over - 0 run(s), 1 hit(s), 1 error(s), 1 left on base; Wizarding 4 - Thunder Bay 1
BOTTOM OF THE 6TH
Thunder Bay Northern Lions BC batting - Pitching for Wizarding Express : LHP Charles Dobson
Batting: RHB Keith Fish 0-0: Called Strike
0-1: Ball
1-1: Fly out, F7 (Flyball, 7)
Batting: SHB Carlos Rodríguez 0-0: Ball
1-0: Ball
2-0: Ball
3-0: Called Strike
3-1: Foul Ball, location: 2F
3-2: Strikes out swinging
Batting: LHB David Smith 0-0: Fly out, F9 (Flyball, 9LD)
Bottom of the 6th over - 0 run(s), 0 hit(s), 0 error(s), 0 left on base; Wizarding 4 - Thunder Bay 1
TOP OF THE 7TH
Wizarding Express batting - Pitching for Thunder Bay Northern Lions BC : RHP Mauro Guerra
Batting: RHB António Martínez 0-0: Called Strike
0-1: Foul Ball, location: 2F
0-2: Ground out 6-3 (Groundball, 6)
Batting: LHB Nathan Tanner 0-0: Called Strike
0-1: Ball
1-1: Called Strike
1-2: Ball
2-2: Foul Ball, location: 2F
2-2: Foul Ball, location: 2F
2-2: Ground out 6-3 (Groundball, 6D)
Batting: SHB Salvador Trevino 0-0: Foul Ball, location: 2F
0-1: Ball
1-1: Ball
2-1: Foul Ball, location: 2F
2-2: Strikes out swinging
Top of the 7th over - 0 run(s), 0 hit(s), 0 error(s), 0 left on base; Wizarding 4 - Thunder Bay 1
BOTTOM OF THE 7TH
Thunder Bay Northern Lions BC batting - Pitching for Wizarding Express : LHP Charles Dobson
Batting: RHB Carlos Padilla 0-0: Ball
1-0: SINGLE (Line Drive, 6MD)
Batting: RHB Xavier Pérez 0-0: Ball
1-0: Foul Ball, location: 2F
1-1: Called Strike
1-2: Ball
2-2: DOUBLE (Line Drive, 78D)
Carlos Padilla to third
Batting: LHB Ramón Gómez 0-0: Foul Ball, location: 2F
0-1: Called Strike
0-2: Ball
1-2: Strikes out swinging
Batting: RHB António Mendoza 0-0: Ball
1-0: Foul Ball, location: 2F
1-1: Foul Ball, location: 2F
1-2: Ground out 5-3 (Groundball, 25)
Batting: LHB Chris Gregory 0-0: Ball
1-0: Called Strike
1-1: Fly out, F7 (Flyball, 78XD)
Bottom of the 7th over - 0 run(s), 2 hit(s), 0 error(s), 2 left on base; Wizarding 4 - Thunder Bay 1
TOP OF THE 8TH
Wizarding Express batting - Pitching for Thunder Bay Northern Lions BC : RHP Mauro Guerra
Batting: LHB John Brewer 0-0: Ball
1-0: Swinging Strike
1-1: SINGLE (Line Drive, 8LS)
Batting: LHB Kyung-chor Pang 0-0: Bunted foul
0-1: Sac Bunt - play at first, batter OUT! 1-4
John Brewer to second
Batting: LHB António Boccanegra 0-0: Intentional Walk
Batting: SHB Emílio Gonzáles 0-0: Foul Ball, location: 2F
0-1: Foul Ball, location: 2F
0-2: Strikes out swinging
Batting: LHB José Corona 0-0: SINGLE (Groundball, 4MD)
John Brewer to third
António Boccanegra to second
Runner from 3rd tries for Home, throw and OUT!
Top of the 8th over - 0 run(s), 2 hit(s), 0 error(s), 2 left on base; Wizarding 4 - Thunder Bay 1
BOTTOM OF THE 8TH
Thunder Bay Northern Lions BC batting - Pitching for Wizarding Express : LHP Charles Dobson
Pitching: LHP Eijiro Takahashi
Batting: SHB Terumoto Kurihara 0-0: Foul Ball, location: 2F
0-1: Foul Ball, location: 2F
0-2: DOUBLE (Flyball, 78M)
Pitching: LHP Dorian Daly
Batting: RHB Keith Fish 0-0: Ball
Wild Pitch!
Terumoto Kurihara to third
1-0: Fly out, F9 (Flyball, 9)
Runner from 3rd tags up, SCORES, throw made
Batting: SHB Carlos Rodríguez 0-0: Ball
1-0: Ball
2-0: DOUBLE (Line Drive, 78XD)
Batting: LHB David Smith 0-0: Ball
1-0: Foul Ball, location: 2F
1-1: Swinging Strike
1-2: Strikes out looking
Pitching: RHP Enrico Reséndez
Batting: RHB Carlos Padilla 0-0: Ball
1-0: Fly out, F8 (Line Drive, 8RS)
Bottom of the 8th over - 1 run(s), 2 hit(s), 0 error(s), 1 left on base; Wizarding 4 - Thunder Bay 2
TOP OF THE 9TH
Wizarding Express batting - Pitching for Thunder Bay Northern Lions BC : RHP Mauro Guerra
Batting: RHB Rafael Arredondo 0-0: Called Strike
0-1: Ground out 1-3 (Groundball, 15S)
Batting: RHB António Martínez 0-0: Called Strike
0-1: Ball
1-1: Ball
2-1: Ball
3-1: Base on Balls
Batting: LHB Nathan Tanner 0-0: Called Strike
0-1: Fly out, F8 (Flyball, 8RS)
Batting: SHB Salvador Trevino 0-0: Ball
1-0: Called Strike
António Martínez steals 2nd base
1-1: Foul Ball, location: 2F
1-2: Fly out, F8 (Flyball, 8RS)
Top of the 9th over - 0 run(s), 0 hit(s), 0 error(s), 1 left on base; Wizarding 4 - Thunder Bay 2
BOTTOM OF THE 9TH
Thunder Bay Northern Lions BC batting - Pitching for Wizarding Express : RHP Enrico Reséndez
Pitching: RHP Juan Cantú
Batting: RHB Xavier Pérez 0-0: Ball
1-0: Fly out, F8 (Flyball, 78XD)
Batting: LHB Ramón Gómez 0-0: Called Strike
0-1: Called Strike
0-2: Ball
1-2: Strikes out swinging
Batting: RHB António Mendoza 0-0: Ball
1-0: Ball
2-0: Ball
3-0: Base on Balls
Batting: LHB Chris Gregory 0-0: Ball
1-0: Called Strike
1-1: Ball
2-1: Foul Ball, location: 2F
2-2: Foul Ball, location: 2F
2-2: Ball
3-2: Fly out, F9 (Flyball, 9S)
Bottom of the 9th over - 0 run(s), 0 hit(s), 0 error(s), 1 left on base; Wizarding 4 - Thunder Bay 2
Saturday, May 26th, 2018 - OOTP Baseball 17.12 Build 75